 Dungeon Crawl Stone Soup version 0.22.0-38-g04b72b8c25 (webtiles) character file.

2207 Hanswurst the Cleaver (level 9, -3/79 HPs)
             Began as a Hill Orc Monk on Aug 26, 2018.
             Was a Priest of Wu Jian.
             Slain by a wyvern (10 damage)
             ... on level 8 of the Dungeon.
             The game lasted 01:04:41 (9744 turns).

Hanswurst the Cleaver (Hill Orc Monk)               Turns: 9744, Time: 01:04:42

Health: -3/79      AC: 18    Str: 15    XL:     9   Next: 34%
Magic:  9/9        EV:  9    Int: 10    God:    Wu Jian [***...]
Gold:   355        SH:  5    Dex: 15    Spells: 8/8 levels left

rFire    . . .     SeeInvis .   C - +1 war axe
rCold    . . .     Gourm    +   o - +0 buckler
rNeg     . . .     Faith    .   e - +0 plate armour
rPois    .         Spirit   .   g - +0 helmet
rElec    .         Reflect  .   (no cloak)
rCorr    .         Harm     .   v - +0 pair of gloves
MR       .....                  (no boots)
Stlth    ..........             i - amulet of the gourmand
HPRegen  0.23/turn              u - +3 ring of evasion
MPRegen  0.11/turn              f - +3 ring of protection

@: no status effects
A: no striking features
a: Wall Jump, Serpent's Lash, Renounce Religion


You were on level 8 of the Dungeon.
You worshipped Wu Jian.
Wu Jian was most pleased with you.
You were very full.

You visited 1 branch of the dungeon, and saw 8 of its levels.

You collected 355 gold pieces.

Inventory:

Hand Weapons
 a - a +0 hand axe
 p - a +0 hand axe
 C - a +1 war axe (weapon)
Missiles
 q - 111 stones (quivered)
Armour
 e - a +0 plate armour (worn)
 g - a +0 helmet (worn)
 h - a +0 scale mail
 n - a +0 helmet
 o - a +0 buckler (worn)
 r - a +0 ring mail
 v - a +0 pair of gloves (worn)
 G - a +0 chain mail
Jewellery
 f - a +3 ring of protection (right hand)
 i - an amulet of the gourmand (around neck)
 u - a +3 ring of evasion (left hand)
 x - an uncursed ring of teleportation
Scrolls
 b - 4 scrolls of teleportation
 k - a scroll of identify
 l - a scroll of enchant armour {unknown}
 s - a scroll of magic mapping {unknown}
 t - 3 scrolls of enchant weapon
 w - a scroll of immolation
 y - a scroll of amnesia
 A - 2 scrolls of noise
 B - 2 scrolls of remove curse
 D - a scroll of summoning {unknown}
 E - a scroll of acquirement {unknown}
 I - a scroll of silence {unknown}
Potions
 d - a potion of brilliance {unknown}
 j - 5 potions of curing
 m - 2 potions of flight
 z - a potion of ambrosia {unknown}
 F - a potion of invisibility {unknown}
 H - a potion of magic {unknown}
Comestibles
 c - 14 rations


   Skills:
 + Level 7.0 Fighting
 + Level 10.8 Axes
 + Level 0.6 Throwing
 + Level 6.0 Armour
 + Level 3.8 Dodging
 + Level 2.2 Stealth
 + Level 3.3 Shields


You had 8 spell levels left.
You didn't know any spells.
Your spell library was empty.

Dungeon Overview and Level Annotations

Branches:
Dungeon (8/15)             Temple (0/1) D:6
   Lair: D:8-11

Altars:
Ashenzari
Dithmenos
Elyvilon
Fedhas
Nemelex Xobeh
Okawaru
Qazlal
Wu Jian
Yredelemnul
Zin
The Shining One

Shops:
D:6 :   D:7 }

Annotations:
D:7 3 runed doors


Message History

The wyvern is lightly wounded.
You slash the wyvern!
The wyvern is heavily wounded.
The wyvern bites you!
* * * LOW HITPOINT WARNING * * *
The wyvern bites you but does no damage.
You block the wyvern's attack. The wyvern completely misses you.
You hit the wyvern but do no damage.
The wyvern is heavily wounded.
You block the wyvern's attack.
You hit the wyvern.
The wyvern is severely wounded.
You block the wyvern's attack.
The wyvern bites you but does no damage.
You slash the wyvern!
The wyvern is almost dead.
The wyvern bites you but does no damage.
The wyvern bites you!
You die...

.. #.#.. ...#
...# ..# ..#
#####.#######
#..@lZ.......
#.###.######
##+##.###...%..#
#.........#.##.#
+.......###.#
#.../..<....#
#....$.######
#........
#.......##


You could see a wyvern and a bullfrog zombie.

Vanquished Creatures
  A water moccasin (D:6)
  An ice beast (D:7)
  3 sky beasts
  A phantom (D:6)
  6 ogres
  A wyvern zombie (D:7)
  A bullfrog (D:6)
  3 scorpions (D:5)
  A wight (D:7)
  A crimson imp (D:7)
  A howler monkey (D:6)
  2 bullfrog zombies
  A quasit (D:5)
  A hound (D:6)
  2 jellies
  An orc wizard (D:5)
  2 centaur skeletons
  8 worker ants
  Terence (D:2)
  An iguana (D:7)
  A killer bee zombie (D:5)
  A hound skeleton (D:4)
  A howler monkey skeleton (D:5)
  A worker ant zombie (D:6)
  4 adders
  4 gnolls
  A shadow imp (D:5)
  2 oozes
  An adder zombie (D:7)
  3 worms
  A dart slug (D:1)
  2 leopard geckos
  6 orcs
  2 ball pythons
  8 bats
  2 giant cockroaches
  12 goblins
  5 hobgoblins
  8 jackals
  2 quokkas
  A frilled lizard (D:1)
  A jackal skeleton (D:4)
  7 kobolds
  3 rats
118 creatures vanquished.

Vanquished Creatures (others)
  An orc wizard (D:5)
  3 fungi (D:5)
  3 plants (D:5)
7 creatures vanquished.

Grand Total: 125 creatures vanquished

Notes
Turn   | Place    | Note
-------+----------+-------------------------------------------
     0 | D:1      | Hanswurst the Hill Orc Monk began the quest for the Orb.
     0 | D:1      | Reached XP level 1. HP: 19/19 MP: 1/1
   140 | D:1      | Reached XP level 2. HP: 8/27 MP: 2/2
   669 | D:1      | Reached XP level 3. HP: 33/33 MP: 3/3
  1146 | D:2      | Noticed Terence
  1931 | D:2      | Found an iron altar of Okawaru.
  2330 | D:2      | Reached skill level 5 in Axes
  2330 | D:2      | Reached XP level 4. HP: 28/40 MP: 4/4
  2486 | D:2      | Found a basalt altar of Yredelemnul.
  2685 | D:2      | Killed Terence
  2685 | D:2      | Reached XP level 5. HP: 33/47 MP: 5/5
  3511 | D:3      | Found a stormy altar of Qazlal.
  4054 | D:4      | Reached skill level 6 in Axes
  4054 | D:4      | Reached skill level 1 in Armour
  4326 | D:4      | Reached XP level 6. HP: 51/53 MP: 6/6
  4495 | D:4      | Found a glowing golden altar of the Shining One.
  4843 | D:4      | Reached skill level 7 in Axes
  5165 | D:4      | Found a sparkling altar of Nemelex Xobeh.
  5277 | D:5      | Entered Level 5 of the Dungeon
  5277 | D:5      | Found a blossoming altar of Fedhas.
  5313 | D:5      | Found an ornate altar of the Wu Jian Council.
  5320 | D:5      | Became a worshipper of the Wu Jian Council
  5320 | D:5      | Reached * piety under Wu Jian
  5320 | D:5      | Reached ** piety under Wu Jian
  6225 | D:5      | Reached XP level 7. HP: 60/60 MP: 7/7
  6653 | D:5      | Reached skill level 1 in Shields
  7089 | D:6      | Reached skill level 8 in Axes
  7095 | D:6      | Reached skill level 5 in Fighting
  7126 | D:6      | Reached XP level 8. HP: 57/68 MP: 8/8
  7215 | D:5      | Reached skill level 9 in Axes
  7656 | D:6      | Found Qudetur's Book Boutique.
  7755 | D:6      | Found a staircase to the Ecumenical Temple.
  8072 | D:6      | Reached skill level 10 in Axes
  8072 | D:6      | Reached skill level 5 in Armour
  8420 | D:7      | Reached XP level 9. HP: 73/75 MP: 9/9
  8639 | D:7      | Found a runed door.
  8639 | D:7      | Noticed a freezing wraith
  8640 | D:7      | Found a runed door.
  8641 | D:7      | Found a runed door.
  8656 | D:7      | Noticed a gargoyle
  8663 | D:7      | Found a shattered altar of Ashenzari.
  8884 | D:7      | Reached *** piety under Wu Jian
  9097 | D:7      | Found Cyluozeh's Gadget Emporium.
  9108 | D:7      | Found a shadowy altar of Dithmenos.
  9160 | D:7      | Found a glowing silver altar of Zin.
  9225 | D:7      | Found a white marble altar of Elyvilon.
  9643 | D:7      | Noticed a four-headed hydra
  9744 | D:8      | Slain by a wyvern

Skill      XL: |  1  2  3  4  5  6  7  8  9 |
---------------+----------------------------+-----
Fighting       | 4 5 6 7 |  7.0
Dodging        | 3 |  3.8
Axes           | 5 6 7 8 10 | 10.8
Stealth        | 2 |  2.2
Armour         | 1 2 3 5 6 |  6.0
Shields        | 2 3 |  3.3
Throwing       | |  0.6

Action                   |  1- 3 |  4- 6 |  7- 9 || total
-------------------------+-------+-------+-------++-------
Melee: Hand axe          |   120 |   305 |   276 ||   701
       War axe           |       |       |   128 ||   128
Throw: Stone             |       |    15 |    11 ||    26
       Throwing net      |       |       |     1 ||     1
Invok: Whirlwind         |       |    31 |   103 ||   134
       Wall Jump         |       |    12 |    31 ||    43
       Lunge             |       |     1 |    20 ||    21
  Use: Scroll            |     3 |     2 |     6 ||    11
       Potion            |     1 |       |     3 ||     4
 Stab: Sleeping          |     4 |       |       ||     4
  Eat: Chunk             |     8 |    14 |    17 ||    39
Armor: Robe              |    22 |     6 |       ||    28
       Ring mail         |       |     1 |       ||     1
       Scale mail        |       |   121 |       ||   121
       Plate armour      |       |       |   196 ||   196
Dodge: Dodged            |    53 |   178 |   106 ||   337
Block: Buckler           |     6 |    50 |    61 ||   117
